 Dungeon Crawl Stone Soup version 0.28-a0-1190-g77e1c55843 (webtiles) character file.

Game seed: 13243485140066938206

128306 emperorscorpion the Spear-Bearer (level 16, -6/129 HPs)
             Began as a Gnoll Delver on Dec 18, 2021.
             Was a High Priest of Nemelex Xobeh.
             Mangled by a rockslime (41 damage)
             ... on level 2 of the Pits of Slime.
             The game lasted 02:15:25 (27669 turns).

emperorscorpion the Spear-Bearer (Gnoll Delver)    Turns: 27669, Time: 02:15:26

Health: -6/129     AC: 20    Str: 19    XL:     16   Next: 68%
Magic:  31/31      EV: 18    Int: 10    God:    Nemelex Xobeh [*****.]
Gold:   686        SH: 15    Dex: 23    Spells: 29/37 levels left

rFire   + . .      SeeInvis .   a - +8 trident "Favepuw" {chaos, *Noise rPois rC+++ rCorr}
rCold   + + +      Faith    .   O - +1 kite shield
rNeg    . . .      Spirit   .   E - +3 scale mail "Hor Muag" {Will+}
rPois   +          Reflect  .   Q - +2 helmet
rElec   .          Harm     .   K - +1 cloak of Eweh {rF+ Int+3}
rCorr   +          Rampage  .   (no gloves)
Will    +++..                   R - +1 pair of boots
Stlth   +++++.....              h - amulet "Xedgh" {Will+ Regen+ Str+7 Int-3 Dex-4}
HPRegen 1.11/turn               f - +6 ring of dexterity
MPRegen 0.22/turn               q - ring "Dinnuewk" {rPois rCorr}

@: studying Polearms
A: fangs 1, strong nose, distributed training
}: 1/15 runes: decaying
a: Renounce Religion, Draw Escape, Draw Destruction, Draw Summoning, Triple
Draw, Deal Four, Stack Five


You were on level 2 of the Pits of Slime.
You worshipped Nemelex Xobeh.
Nemelex Xobeh was extremely pleased with you.
You visited 7 branches of the dungeon, and saw 27 of its levels.
You also visited: Bailey.

You collected 3594 gold pieces.
You spent 2908 gold pieces at shops.

Inventory:

Hand Weapons
 a - the +8 trident "Favepuw" (weapon) {chaos, *Noise rPois rC+++ rCorr}
   (You took it off a gnoll sergeant on level 7 of the Dungeon)

   Each time it hits an enemy it has a different, random effect.
   rC:        It renders you almost immune to cold.
   rPois:     It protects you from poison.
   *Noise:    It may make noises in combat.
   rCorr:     It protects you from acid and corrosion.
 b - the +8 arc blade {discharge, rElec}
   (You bought it in a shop on level 2 of the Orcish Mines)

   It occasionally unleashes powerful arcs of lightning upon striking a foe.
   These may arc to other adjacent creatures (including the wielder, but dealing
   reduced damage to them) before grounding out.
   rElec:     It insulates you from electricity.
 z - the +9 staff of Olgreb {rPois∞}
   (You acquired it on level 4 of the Swamp)

   If the wielder is skilled in Evocations, they can envenom those struck by it,
   dealing poison damage which bypasses armour.
   It enhances your poison magic.
   It grants immunity to poison.
   It can be evoked to radiate toxic energy, with effectiveness depending on
   Evocations skill.
Missiles
 m - 73 poisoned darts
 s - 13 curare-tipped darts
 A - 57 boomerangs (quivered)
 M - 3 throwing nets
Armour
 E - the +3 scale mail "Hor Muag" (worn) {Will+}
   (You found it on level 7 of the Dungeon)

   Will:      It increases your willpower.
 K - the +1 cloak of Eweh (worn) {rF+ Int+3}
   (You found it on level 1 of the Lair of Beasts)

   Int:       It affects your intelligence (+3).
   rF:        It protects you from fire.
 O - a +1 kite shield (worn)
 Q - a +2 helmet (worn)
 R - a +1 pair of boots (worn)
 V - a +0 helmet of intelligence
Jewellery
 f - a +6 ring of dexterity (left hand)
 h - the amulet "Xedgh" (around neck) {Will+ Regen+ Str+7 Int-3 Dex-4}
   (You found it on level 4 of the Lair of Beasts)

   [amulet of regeneration]

   Str:       It affects your strength (+7).
   Int:       It affects your intelligence (-3).
   Dex:       It affects your dexterity (-4).
   Regen:     It increases your rate of health regeneration.
   Will:      It increases your willpower.
 q - the ring "Dinnuewk" (right hand) {rPois rCorr}
   (You found it on level 7 of the Dungeon)

   [ring of resist corrosion]

   rPois:     It protects you from poison.
   rCorr:     It protects you from acid and corrosion.
 D - a ring of flight
 J - a +6 ring of dexterity
Wands
 g - a wand of digging (12)
 k - a wand of polymorph (11)
 r - a wand of flame (75)
 t - a wand of charming (7)
 B - a wand of iceblast (10)
 C - a wand of paralysis (12)
 S - a wand of mindburst (18)
 W - a wand of acid (5)
Scrolls
 c - 3 scrolls of fog
 e - 4 scrolls of fear
 i - 12 scrolls of teleportation
 j - 13 scrolls of identify
 l - 2 scrolls of enchant weapon
 n - 4 scrolls of torment
 p - a scroll of blinking
 w - 3 scrolls of enchant armour
 H - 3 scrolls of holy word
 X - 5 scrolls of magic mapping
Potions
 d - a potion of magic
 u - a potion of haste
 v - 4 potions of mutation
 x - a potion of resistance
 G - 4 potions of curing
 I - 3 potions of lignification
 L - a potion of cancellation
 N - 2 potions of berserk rage
 P - 2 potions of brilliance
 T - 2 potions of might
 U - a potion of ambrosia
 Y - 3 potions of invisibility
 Z - 3 potions of flight
Miscellaneous
 o - a piece from Xom's chessboard (15/15)
 y - a lightning rod (1/4)
 F - a condenser vane (inert)


   Skills:
 + Level 12.8 Fighting
 + Level 11.1 Short Blades
 + Level 11.1 Long Blades
 + Level 11.1 Axes
 + Level 11.1 Maces & Flails
 + Level 14.9 Polearms
 + Level 11.1 Staves
 + Level 11.1 Slings
 + Level 11.1 Bows
 + Level 11.1 Crossbows
 + Level 11.1 Throwing
 + Level 11.1 Armour
 + Level 12.0 Dodging
 + Level 14.4 Stealth
 + Level 11.1 Shields
 + Level 11.1 Unarmed Combat
 + Level 11.1 Spellcasting
 + Level 9.4 Conjurations
 + Level 9.4 Hexes
 + Level 9.4 Summonings
 + Level 9.4 Necromancy
 + Level 9.4 Translocations
 + Level 9.4 Transmutations
 + Level 9.4 Fire Magic
 + Level 9.4 Ice Magic
 + Level 9.4 Air Magic
 + Level 9.4 Earth Magic
 + Level 9.4 Poison Magic
 + Level 12.1 Invocations
 + Level 11.1 Evocations


You had 29 spell levels left.
You knew the following spells:

 Your Spells              Type           Power      Damage    Failure   Level
a - Summon Small Mammal   Summ           96%        N/A       1%          1
b - Ensorcelled Hibernat  Hex/Ice        48%        N/A       1%          2
c - Tukima's Dance        Hex            24%        N/A       3%          3
d - Foxfire               Conj/Fire      96%        2x1d8     1%          1
e - Apportation           Tloc           48%        N/A       1%          1

Your spell library contained the following spells:

 Spells                   Type           Power      Damage    Failure   Level
 Animate Skeleton         Necr           48%        N/A       1%          1
 Static Discharge         Conj/Air       24%        N/A       1%          2
 Conjure Flame            Conj/Fire      24%        6-21      3%          3
 Ignite Poison            Fire/Tmut/Pois 24%        N/A       3%          3
 Ozocubu's Armour         Ice            24%        N/A       3%          3
 Dispel Undead            Necr           24%        3d12      10%         4
 Sticky Flame             Conj/Fire      24%        2d5       10%         4
 Summon Ice Beast         Ice/Summ       24%        N/A       10%         4
 Summon Mana Viper        Hex/Summ       24%        N/A       28%         5
 Monstrous Menagerie      Summ           12%        N/A       100%        7
 Ozocubu's Refrigeration  Ice            12%        4d7       100%        7


Dungeon Overview and Level Annotations

Branches:
Dungeon (11/15)            Temple (1/1) D:7            Lair (6/6) D:11
  Swamp (4/4) Lair:2        Snake (1/4) Lair:2        Slime (2/5) Lair:5
    Orc (2/2) D:11            Elf (0/3) Orc:2        Bailey (visited)

Altars:
Ashenzari
Cheibriados
Dithmenos
Elyvilon
Fedhas
Gozag
Hepliaklqana
Kikubaaqudgha
Makhleb
Nemelex Xobeh
Okawaru
Qazlal
Ru
Sif Muna
Trog
Uskayaw
Vehumet
Wu Jian
Xom
Yredelemnul
Zin
The Shining One
Jiyva

Shops:
D:5 *   Orc:2 ?[(*

Annotations:
D:5 exclusions: adder, 2 orcs and orc wizard, Grinder, Sigmund


Innate Abilities, Weirdness & Mutations

You have very sharp teeth.
Your uncanny sense of smell can sniff out nearby items.
Your experience applies equally to all skills.


Message History

The rockslime hits you!!
You hold your ground!
You hit the rockslime but do no damage.
The arc blade crackles.
The air crackles with electrical energy.
The rockslime is heavily wounded.
You block the rockslime's attack.
You hit the rockslime but do no damage. You bite the rockslime.
The rockslime is heavily wounded.
The rockslime misses you.
You hit the rockslime.
The rockslime is heavily wounded.
You hit the rockslime but do no damage.
The rockslime is heavily wounded.
The rockslime hits you!
You stumble backwards!
You hit the rockslime.
You bite the rockslime, but do no damage.
The rockslime is severely wounded.
The rockslime completely misses you.
You hit the rockslime but do no damage.
The rockslime is heavily wounded.
The rockslime barely misses you.
The arc blade stops crackling.
The +8 trident "Favepuw" {chaos, *Noise rPois rC+++ rCorr} is briefly surrounded by a scintillating aura of random colours.
a - the +8 trident "Favepuw" (weapon)
{chaos, *Noise rPois rC+++ rCorr} You hit the rockslime.
You bite the rockslime, but do no damage.
The rockslime is heavily wounded.
You block the rockslime's attack.
You hit the rockslime but do no damage.
The rockslime flickers and vanishes!
Deactivating autopickup; reactivate with Ctrl-A.
You block something's attack.
You hit something. You freeze something. Something barely misses you.
You hit something. Something closely misses you.
You puncture something!
Nothing appears to happen.
Something barely misses you.
You hit something. Something closely misses you. Something hits you!!!
* * * LOW HITPOINT WARNING * * *
You hold your ground!
Your shield prevents you from hitting something.
You bite something. Something hits you!!!
You die...
Your body disappears without a glow.

. .. ##### ...
##...## ....
##..8..###.....
#..............
#..<.@{........
#..............
##..8..###..#..
##...## .#
##### #


There were no monsters in sight!

Vanquished Creatures
  Mlioglotl (Swamp:3)
  Gastronok (Lair:3)
  A thorn hunter (Swamp:3)
  A ghost moth (Swamp:3)
  2 fenstrider witches (Swamp:4)
  The ghost of Subbak the Destroyer, a journeyman TeFE of Vehumet (Lair:6)
  4 eleionomae
  A spark wasp (Lair:6)
  8 bunyips
  A fire dragon (Swamp:4)
  A boulder beetle (Lair:5)
  Erica (D:11)
  15 hydras
  3 ice dragons
  2 ghost crabs (Swamp:3)
  4 two-headed ogres
  7 alligators
  3 naga sharpshooters (Snake:1)
  An orc high priest (Orc:2)
  Nergalle (D:11)
  3 goliath frogs
  2 spriggan druids
  3 swamp dragons
  A sea snake (Swamp:3)
  2 lindwurms (Lair:6)
  The ghost of kMk the Martial Artist, a novice OpTm of Gozag (D:7)
  6 bog bodies
  Pikel (D:8)
  A wolf spider (Lair:6)
  4 orc knights
  A harpy (Lair:4)
  2 orb spiders
  A will-o-the-wisp (Swamp:2)
  5 orc sorcerers
  19 elephants
  A shining eye (Slime:2)
  Maurice (D:8)
  Joseph (D:7)
  A water nymph (Swamp:3)
  5 torpor snails (Lair:6)
  3 black mambas
  A cane toad (shapeshifter) (Orc:2)
  2 unseen horrors
  Maggie (D:9)
  16 cane toads
  5 rime drakes
  4 freezing wraiths (Swamp:4)
  5 komodo dragons
  5 trolls
  A meliai (Lair:3)
  11 polar bears
  A queen bee (Lair:2)
  14 tyrant leeches
  2 bloated husks (Swamp:3)
  6 blink frogs
  3 raiju (Lair:6)
  7 hornets
  10 dream sheep
  Prince Ribbit (D:8)
  2 shadows
  2 spriggans
  4 wyverns
  A ynoxinul (D:10)
  27 yaks
  A hog (shapeshifter) (Lair:6)
  3 hogs
  Eustachio (D:4)
  4 steam dragons
  5 basilisks
  5 swamp worm simulacra (Swamp:4)
  6 wargs (Lair:6)
  13 swamp worms
  An acid dragon (D:11)
  5 nagas
  11 water moccasins
  12 hell hounds (Lair:6)
  2 floating eyes
  9 hydra simulacra (Swamp:4)
  Duvessa (D:6)
  16 black bears
  4 swamp drakes
  25 orc warriors
  3 ice beasts
  A sky beast (D:6)
  A black bear (shapeshifter) (Lair:6)
  3 necrophages
  8 ogres
  25 wolves
  A boggart (Lair:6)
  7 centaurs
  2 phantoms
  2 kobold brigands
  11 bullfrogs
  2 wyvern zombies
  4 gnoll sergeants
  2 scorpions
  A water moccasin skeleton (D:4)
  Dowan (D:6)
  6 killer bees (D:7)
  3 electric eels
  3 wights
  2 howler monkeys
  A bullfrog zombie (D:6)
  4 hounds
  4 gnoll shamans
  Crazy Yiuf (D:4)
  4 jellies
  3 centaur skeletons
  26 orc priests
  A bullfrog skeleton (D:5)
  An iguana (D:5)
  11 hell rats
  31 orc wizards
  2 killer bee zombies (D:7)
  A hound skeleton (D:5)
  A howler monkey skeleton (D:7)
  A howler monkey zombie (D:11)
  28 gnolls
  6 adders
  A white imp (D:8)
  2 ufetubi
  3 swamp drake simulacra (Swamp:4)
  An adder skeleton (D:5)
  A worm (D:2)
  2 dart slugs
  65 orcs
  8 endoplasms
  7 giant cockroaches
  5 goblins
  10 hobgoblins
  2 quokkas
  5 ball pythons
  3 bats
  3 frilled lizards
  30 kobolds
  4 rats
  A starspawn tentacle (Swamp:3)
745 creatures vanquished.

Vanquished Creatures (collateral kills)
  An orc knight (Bailey)
  A blink frog (Lair:4)
  3 hydra simulacra (Swamp:4)
  An orc warrior (Bailey)
  3 wolves
  A lemure (D:8)
  3 gnoll sergeants (D:7)
  3 wights (D:7)
  2 gnolls
  2 hobgoblins (Bailey)
  3 goblins (Bailey)
23 creatures vanquished.

Vanquished Creatures (others)
  2 ice dragons (Swamp:4)
  A spriggan druid (Swamp:4)
  A swamp dragon (Swamp:4)
  A yaktaur (D:8)
  2 bloated husks
  A hornet (Lair:6)
  2 dancing weapons (D:7)
  2 wights (D:8)
  An orc wizard (D:9)
  A gnoll (D:7)
  11 foxfires
  32 fungi
  68 plants
  A starspawn tentacle (Swamp:3)
126 creatures vanquished.

Grand Total: 894 creatures vanquished

Notes
Turn   | Place    | Note
-------+----------+-------------------------------------------
     0 | D:5      | emperorscorpion the Gnoll Delver began the quest for the
                  | Orb.
     0 | D:5      | Reached XP level 1. HP: 23/23 MP: 1/1
     8 | D:6      | Noticed an iguana
    31 | D:6      | Noticed Duvessa
    31 | D:6      | Noticed Dowan
    48 | D:5      | Found Fuplacho's Neck Hole.
    64 | D:5      | Noticed an orc priest
    81 | D:5      | Killed an orc priest
    82 | D:5      | Reached XP level 2. HP: 6/29 MP: 2/2
    82 | D:5      | Reached XP level 3. HP: 8/35 MP: 3/3
   434 | D:5      | Noticed Grinder
   564 | D:5      | Reached skill level 1 in Short Blades
   564 | D:5      | Reached skill level 1 in Long Blades
   564 | D:5      | Reached skill level 1 in Axes
   564 | D:5      | Reached skill level 1 in Maces & Flails
   564 | D:5      | Reached skill level 1 in Staves
   564 | D:5      | Reached skill level 1 in Slings
   564 | D:5      | Reached skill level 1 in Bows
   564 | D:5      | Reached skill level 1 in Crossbows
   564 | D:5      | Reached skill level 1 in Throwing
   564 | D:5      | Reached skill level 1 in Armour
   564 | D:5      | Reached skill level 1 in Shields
   564 | D:5      | Reached skill level 1 in Unarmed Combat
   564 | D:5      | Reached skill level 1 in Spellcasting
   564 | D:5      | Reached skill level 1 in Invocations
   564 | D:5      | Reached skill level 1 in Evocations
   564 | D:5      | Reached XP level 4. HP: 32/41 MP: 5/5
   650 | D:5      | Reached skill level 1 in Conjurations
   650 | D:5      | Reached skill level 1 in Hexes
   650 | D:5      | Reached skill level 1 in Summonings
   650 | D:5      | Reached skill level 1 in Necromancy
   650 | D:5      | Reached skill level 1 in Translocations
   650 | D:5      | Reached skill level 1 in Transmutations
   650 | D:5      | Reached skill level 1 in Fire Magic
   650 | D:5      | Reached skill level 1 in Ice Magic
   650 | D:5      | Reached skill level 1 in Air Magic
   650 | D:5      | Reached skill level 1 in Earth Magic
   650 | D:5      | Reached skill level 1 in Poison Magic
  1080 | D:5      | Reached XP level 5. HP: 45/47 MP: 6/6
  1604 | D:2      | Found a stormy altar of Qazlal.
  1739 | D:1      | Found a faded altar of an unknown god.
  2463 | D:2      | Reached XP level 6. HP: 51/53 MP: 8/8
  3798 | D:4      | Found a runed translucent door.
  3799 | D:4      | Noticed Crazy Yiuf
  3809 | D:4      | Killed Crazy Yiuf
  3810 | D:4      | Reached skill level 5 in Polearms
  3810 | D:4      | Reached skill level 5 in Dodging
  3974 | D:4      | Noticed Eustachio
  4033 | D:4      | Killed Eustachio
  4034 | D:4      | Reached XP level 7. HP: 59/59 MP: 10/10
  4271 | D:4      | Noticed a +0 hand axe
  4308 | D:4      | Noticed a +0 dagger
  4311 | D:4      | Found a hide-covered altar of Uskayaw.
  4486 | D:5      | Noticed Sigmund
  5029 | D:5      | Reached skill level 10 in Stealth
  5066 | D:5      | Learned a level 1 spell: Summon Small Mammal
  5069 | D:5      | Learned a level 2 spell: Ensorcelled Hibernation
  5220 | D:6      | Killed Duvessa
  5221 | D:6      | Reached XP level 8. HP: 67/67 MP: 12/12
  5246 | D:6      | Reached skill level 5 in Short Blades
  5246 | D:6      | Reached skill level 5 in Long Blades
  5246 | D:6      | Reached skill level 5 in Axes
  5246 | D:6      | Reached skill level 5 in Maces & Flails
  5246 | D:6      | Reached skill level 5 in Staves
  5246 | D:6      | Reached skill level 5 in Slings
  5246 | D:6      | Reached skill level 5 in Bows
  5246 | D:6      | Reached skill level 5 in Crossbows
  5246 | D:6      | Reached skill level 5 in Throwing
  5246 | D:6      | Reached skill level 5 in Armour
  5246 | D:6      | Reached skill level 5 in Shields
  5246 | D:6      | Reached skill level 5 in Unarmed Combat
  5246 | D:6      | Reached skill level 5 in Spellcasting
  5246 | D:6      | Reached skill level 5 in Invocations
  5246 | D:6      | Reached skill level 5 in Evocations
  5246 | D:6      | Reached XP level 9. HP: 62/75 MP: 12/17
  5265 | D:6      | Killed Dowan
  6689 | D:7      | Learned a level 3 spell: Tukima's Dance
  6989 | D:7      | Reached XP level 10. HP: 74/82 MP: 18/18
  7034 | D:7      | Noticed Joseph
  7043 | D:7      | Killed Joseph
  7302 | D:7      | Found a staircase to the Ecumenical Temple.
  7310 | Temple   | Entered the Ecumenical Temple
  7395 | Temple   | Became a worshipper of Nemelex Xobeh the Trickster
  7440 | D:7      | Found a glowing golden altar of the Shining One.
  7503 | D:7      | Reached skill level 5 in Conjurations
  7503 | D:7      | Reached skill level 5 in Hexes
  7503 | D:7      | Reached skill level 5 in Summonings
  7503 | D:7      | Reached skill level 5 in Necromancy
  7503 | D:7      | Reached skill level 5 in Translocations
  7503 | D:7      | Reached skill level 5 in Transmutations
  7503 | D:7      | Reached skill level 5 in Fire Magic
  7503 | D:7      | Reached skill level 5 in Ice Magic
  7503 | D:7      | Reached skill level 5 in Air Magic
  7503 | D:7      | Reached skill level 5 in Earth Magic
  7503 | D:7      | Reached skill level 5 in Poison Magic
  8131 | D:7      | Identified the +3 scale mail "Hor Muag" {Will+}
  8240 | D:7      | Identified the +8 trident "Favepuw" {chaos, *Noise rPois
                  | rC+++ rCorr}
  8240 | D:7      | Identified the +1 ring mail of Vanity {Harm rC- Will-
                  | Str+9}
  8244 | D:7      | Noticed kMk's ghost (novice OpTm)
  8295 | D:7      | Found a transporter.
  8306 | D:7      | Found a transporter.
  8795 | D:7      | Killed kMk's ghost
  8937 | D:7      | Identified the ring "Dinnuewk" {rPois rCorr}
  9112 | D:8      | Found Zin's Purification Station.
  9114 | D:8      | Found a glowing silver altar of Zin.
  9119 | D:8      | Bought a potion of curing for 90 gold pieces
  9289 | D:8      | Found a radiant altar of Vehumet.
  9290 | D:8      | Found a flagged portal.
  9300 | Bailey   | Entered a bailey
  9386 | Bailey   | Noticed an orc knight
  9387 | Bailey   | Noticed an orc knight
  9395 | Bailey   | Killed an orc knight
  9412 | Bailey   | Killed an orc knight
  9472 | Bailey   | Identified the +3 robe of Doseezim {rElec Str+3}
  9572 | D:8      | Reached XP level 11. HP: 89/89 MP: 20/20
  9582 | D:8      | Noticed Pikel
  9586 | D:8      | Noticed Prince Ribbit
  9590 | D:8      | Killed Pikel
  9614 | D:8      | Noticed Maurice
  9615 | D:8      | Killed Prince Ribbit
  9651 | D:8      | Found an ornate altar of the Wu Jian Council.
  9685 | D:8      | Killed Maurice
 10127 | D:8      | Found a stormy altar of Qazlal.
 10516 | D:9      | Noticed a two-headed ogre
 10569 | D:9      | Killed a two-headed ogre
 10644 | D:9      | Reached * piety under Nemelex Xobeh
 11000 | D:9      | Identified the +6 hunting sling of the Pariah {freeze,
                  | rPois rF+}
 11104 | D:9      | Noticed Maggie
 11115 | D:9      | Killed Maggie
 11533 | D:10     | Entered Level 10 of the Dungeon
 11569 | D:10     | Received a gift from Nemelex Xobeh
 11717 | D:10     | Found an opulent altar of Gozag.
 11912 | D:10     | Reached ** piety under Nemelex Xobeh
 11957 | D:10     | Noticed a two-headed ogre
 11965 | D:10     | Killed a two-headed ogre
 12071 | D:10     | Noticed a two-headed ogre
 12080 | D:10     | Killed a two-headed ogre
 12146 | D:10     | Found a shimmering blue altar of Sif Muna.
 12291 | D:10     | Got Sif Muna's Handbook of the Blaze
 12294 | D:10     | Learned a level 1 spell: Foxfire
 12298 | D:10     | Received a gift from Nemelex Xobeh
 12298 | D:10     | Found a bloodstained altar of Trog.
 12609 | D:11     | Noticed Erica
 12619 | D:11     | Killed Erica
 12676 | D:11     | Reached XP level 12. HP: 85/97 MP: 22/22
 12695 | D:11     | Noticed Nergalle
 12709 | D:11     | Killed Nergalle
 12840 | D:11     | Found a staircase to the Orcish Mines.
 13050 | D:11     | Reached skill level 10 in Fighting
 13098 | D:11     | Noticed Sonja
 13099 | D:11     | Noticed Sonja
 13099 | D:11     | Sonja changed into Sonja the ice beast
 13113 | D:11     | Killed Sonja the ice beast
 13443 | D:11     | Found a staircase to the Lair.
 13451 | Lair:1   | Entered Level 1 of the Lair of Beasts
 13685 | Lair:1   | Noticed a six-headed hydra
 13693 | Lair:1   | Killed a six-headed hydra
 13808 | Lair:1   | Noticed a seven-headed hydra
 13831 | Lair:1   | Killed a seven-headed hydra
 13832 | Lair:1   | Reached skill level 10 in Polearms
 14057 | Lair:1   | Reached *** piety under Nemelex Xobeh
 14141 | Lair:1   | Identified the +1 cloak of Eweh {rF+ Int+3}
 14548 | Lair:2   | Found a staircase to the Snake Pit.
 14668 | Lair:2   | Noticed a four-headed hydra
 14987 | Lair:2   | Killed a four-headed hydra
 15095 | Lair:2   | Identified the -1 quarterstaff of Darkness {vorpal, *Rage
                  | rElec rF+++ Stlth+}
 15176 | Lair:2   | Reached XP level 13. HP: 50/104 MP: 25/25
 15592 | Lair:2   | Received a gift from Nemelex Xobeh
 15675 | Lair:2   | Found a staircase to the Swamp.
 15835 | Lair:2   | You fall into a shaft and drop 2 floors!
 16217 | Lair:3   | Noticed Gastronok
 16269 | Lair:2   | Reached **** piety under Nemelex Xobeh
 16509 | Lair:2   | Received a gift from Nemelex Xobeh
 17590 | Lair:3   | Killed Gastronok
 18056 | Lair:3   | Received a gift from Nemelex Xobeh
 18436 | Lair:4   | Reached skill level 10 in Dodging
 18603 | Lair:4   | Identified the amulet "Xedgh" {Will+ Regen+ Str+7 Int-3
                  | Dex-4}
 18766 | Lair:4   | Received a gift from Nemelex Xobeh
 18990 | Lair:3   | Reached XP level 14. HP: 83/113 MP: 24/27
 19452 | Lair:5   | Received a gift from Nemelex Xobeh
 19497 | Lair:5   | Reached skill level 10 in Invocations
 19515 | Lair:5   | Reached ***** piety under Nemelex Xobeh
 19568 | Lair:5   | Found a staircase to the Slime Pits.
 19568 | Lair:5   | Found a viscous altar of Jiyva.
 19774 | Lair:5   | Received a gift from Nemelex Xobeh
 20178 | Lair:6   | Entered Level 6 of the Lair of Beasts
 20198 | Lair:6   | Received a gift from Nemelex Xobeh
 20402 | Lair:6   | Found a runed translucent door.
 20407 | Lair:6   | Identified the +1 trident "Hydrabane" {drain, rPois rN++
                  | Int-5}
 20434 | Lair:6   | Noticed Subbak's ghost (journeyman TeFE)
 20466 | Lair:6   | Killed Subbak's ghost
 20779 | Lair:6   | Identified the +8 dagger of Disembowelment {protect,
                  | Fragile rElec rC++}
 21057 | Lair:6   | Received a gift from Nemelex Xobeh
 21064 | Lair:6   | Found a runed translucent door.
 21224 | Lair:6   | Reached XP level 15. HP: 47/120 MP: 28/28
 21575 | Lair:6   | Received a gift from Nemelex Xobeh
 22174 | Orc:1    | Entered Level 1 of the Orcish Mines
 22208 | D:11     | Reached skill level 10 in Short Blades
 22208 | D:11     | Reached skill level 10 in Long Blades
 22208 | D:11     | Reached skill level 10 in Axes
 22208 | D:11     | Reached skill level 10 in Maces & Flails
 22208 | D:11     | Reached skill level 10 in Staves
 22208 | D:11     | Reached skill level 10 in Slings
 22208 | D:11     | Reached skill level 10 in Bows
 22208 | D:11     | Reached skill level 10 in Crossbows
 22208 | D:11     | Reached skill level 10 in Throwing
 22208 | D:11     | Reached skill level 10 in Armour
 22208 | D:11     | Reached skill level 10 in Shields
 22208 | D:11     | Reached skill level 10 in Unarmed Combat
 22208 | D:11     | Reached skill level 10 in Spellcasting
 22208 | D:11     | Reached skill level 10 in Evocations
 22448 | Orc:1    | Received a gift from Nemelex Xobeh
 22492 | Orc:2    | Entered Level 2 of the Orcish Mines
 22540 | Orc:2    | Found a staircase to the Elven Halls.
 22925 | Orc:2    | Received a gift from Nemelex Xobeh
 23040 | Orc:2    | Paralysed by a floating eye for 3 turns
 23292 | Orc:2    | Found Cuzetus's Antique Armour Emporium.
 23292 | Orc:2    | Found Xijaxim's Assorted Antiques.
 23293 | Orc:2    | Found Zofugh's Weapon Shoppe.
 23297 | Orc:2    | Found Geletea's Magic Scroll Emporium.
 23303 | Orc:2    | Bought a scroll of blinking for 82 gold pieces
 23303 | Orc:2    | Bought 3 scrolls of teleportation for 99 gold pieces
 23304 | Orc:2    | Bought a shiny helmet for 195 gold pieces
 23304 | Orc:2    | Bought a pair of runed boots for 195 gold pieces
 23327 | Orc:2    | Bought an ivory wand for 100 gold pieces
 23327 | Orc:2    | Bought a condenser vane for 1000 gold pieces
 23327 | Orc:2    | Bought a glowing helmet for 187 gold pieces
 23328 | Orc:2    | Bought the +8 arc blade {discharge, rElec} for 960 gold
                  | pieces
 23328 | Orc:2    | Found the +8 arc blade {discharge, rElec}
 23922 | Snake:1  | Entered Level 1 of the Snake Pit
 23924 | Snake:1  | Reached ****** piety under Nemelex Xobeh
 23924 | Snake:1  | Received a gift from Nemelex Xobeh
 24142 | Swamp:1  | Entered Level 1 of the Swamp
 24708 | Swamp:1  | Learned a level 1 spell: Apportation
 25332 | Swamp:3  | Reached XP level 16. HP: 129/129 MP: 30/30
 25437 | Swamp:3  | Received a gift from Nemelex Xobeh
 25665 | Swamp:3  | Noticed Mlioglotl
 25665 | Swamp:3  | Noticed a thorn hunter
 25673 | Swamp:3  | Noticed a tentacled starspawn
 25682 | Swamp:3  | Killed a thorn hunter
 25687 | Swamp:3  | Killed Mlioglotl
 26105 | Swamp:4  | Entered Level 4 of the Swamp
 26408 | Swamp:4  | Identified the +1 robe of Knowledge {+Inv Str-5 Dex+3 SInv}
 26425 | Swamp:4  | Noticed a fenstrider witch
 26438 | Swamp:4  | Killed a fenstrider witch
 26468 | Swamp:4  | Noticed a fenstrider witch
 26480 | Swamp:4  | Killed a fenstrider witch
 26487 | Swamp:4  | Identified a scroll of acquirement
 26487 | Swamp:4  | Acquired the +9 staff of Olgreb {rPois∞}
 26487 | Swamp:4  | Found the +9 staff of Olgreb {rPois∞}
 27167 | Swamp:4  | Got a decaying rune of Zot
 27635 | Slime:1  | Entered Level 1 of the Pits of Slime
 27643 | Slime:2  | Noticed a rockslime
 27669 | Slime:2  | Mangled by a rockslime

Illustrated notes

Levels and vault maps discovered:
D:1:      dpeg_arrival_connections, layout_basic,
          ebering_ecumenical_altar_sacrificial
D:2:      layout_basic, basic_altar, minmay_distorted
D:3:      layout_loops_ring
D:4:      layout_basic, dancing_weapons_uskayaw, uniq_eustachio,
          uniq_crazy_yiuf_cottage
D:5:      layout_loops_ring, nicolae_shop_sticking_my_neck_out, uniq_sigmund,
          uniq_grinder
D:6:      layout_rooms, uniq_duvessa
D:7:      layout_rooms, mainiacjoe_overflow_chevrons, minmay_temple_entry_ruins,
          gammafunk_ghost_gnarly_gnolls, chequers_garden, nrook_uturn,
          hangedman_decor_lopped, minmay_circle_x, uniq_joseph
D:8:      layout_basic, nicolae_qazlal_eye_of_the_storm, zin_purify,
          grunt_temple_overflow_open, enter_bailey_6, minmay_sticks_and_stones,
          uniq_prince_ribbit1, uniq_maurice, uniq_pikel
D:9:      layout_loops_ring, serial_co_window_serial,
          co_window_of_opportunity_a, co_window_corner_a, co_window_corner_a,
          co_window_paths_a, co_window_paths_a, co_window_corner_cb,
          co_window_2corner, co_window_of_opportunity_b, co_window_broadway_a,
          co_window_broadway_c, co_window_2corner, glass_columns_b,
          glass_columns_a, glass_columns_a, glass_columns_a,
          minmay_fountain_box, uniq_maggie
D:10:     layout_basic, nzn_overflow_gifts_of_might_and_magic,
          mainiacjoe_overflow_boulevard
D:11:     layout_loops_ring, lair_entry_dummy, erik_orc_2, uniq_nergalle,
          uniq_erica, uniq_sonja
Temple:   cyrus_circular_temple
Lair:1:   layout_cave_pods, minivault_23
Lair:2:   layout_cave_pods, minmay_swamp_entry_worms,
          minmay_snake_entry_guardpost_small, serial_bayou_shore_a,
          grunt_megastairs_5
Lair:3:   layout_misc_corridors, uniq_gastronok
Lair:4:   layout_cave_pods, lemuel_fruit_tree
Lair:5:   layout_long_grid, slime_altar_1, lemuel_fruit_fields
Lair:6:   wormcave, layout_gridlike, hangedman_lair_caniforms_friends,
          ebering_ghost_funeral_grove
Swamp:1:  layout_falls_marsh, evilmike_swamp_ruin_house_4, swamp_pool5
Swamp:2:  layout_basic_swamp, infiniplex_staircase_pool, swamp_pool1
Swamp:3:  layout_basic_swamp, evilmike_swamp_ruin_house_1, uniq_mlioglotl
Swamp:4:  swamp_icy, layout_basic_swamp
Snake:1:  layout_chambers
Slime:1:  nicolae_slime_jelly_donut, layout_caves
Slime:2:  cheibrodos_slime_lost_civilization_2, layout_caves, uniq_dissolution
Orc:1:    layout_caves, uniq_urug
Orc:2:    st_orc_mages, layout_diamond_mine

Skill      XL: |  1  2  3  4  5  6  7  8  9 10 11 12 13 14 15 16 |
---------------+-------------------------------------------------+-----
Stealth        | 10 11 12 13 14 | 14.4
Short Blades   | 1 2 5 6 7 8 9 10 11 | 11.1
Long Blades    | 1 2 5 6 7 8 9 10 11 | 11.1
Axes           | 1 2 5 6 7 8 9 10 11 | 11.1
Maces & Flails | 1 2 5 6 7 8 9 10 11 | 11.1
Staves         | 1 2 5 6 7 8 9 10 11 | 11.1
Slings         | 1 2 5 6 7 8 9 10 11 | 11.1
Bows           | 1 2 5 6 7 8 9 10 11 | 11.1
Crossbows      | 1 2 5 6 7 8 9 10 11 | 11.1
Throwing       | 1 2 5 6 7 8 9 10 11 | 11.1
Armour         | 1 2 5 6 7 8 9 10 11 | 11.1
Shields        | 1 2 5 6 7 8 9 10 11 | 11.1
Unarmed Combat | 1 2 5 6 7 8 9 10 11 | 11.1
Spellcasting   | 1 2 5 6 7 8 9 10 11 | 11.1
Invocations    | 1 2 3 5 6 7 8 9 10 11 12 | 12.1
Evocations     | 1 2 5 6 7 8 9 10 11 | 11.1
Conjurations   | 1 2 4 5 6 7 8 9 |  9.4
Hexes          | 1 2 4 5 6 7 8 9 |  9.4
Summonings     | 1 2 4 5 6 7 8 9 |  9.4
Necromancy     | 1 2 4 5 6 7 8 9 |  9.4
Translocations | 1 2 4 5 6 7 8 9 |  9.4
Transmutations | 1 2 4 5 6 7 8 9 |  9.4
Fire Magic     | 1 2 4 5 6 7 8 9 |  9.4
Ice Magic      | 1 2 4 5 6 7 8 9 |  9.4
Air Magic      | 1 2 4 5 6 7 8 9 |  9.4
Earth Magic    | 1 2 4 5 6 7 8 9 |  9.4
Poison Magic   | 1 2 4 5 6 7 8 9 |  9.4
Polearms       | 5 7 8 9 10 11 13 14 | 14.9
Dodging        | 5 7 8 9 10 11 12 | 12.0
Fighting       | 7 8 9 10 11 12 | 12.8

Action                   |  1- 3 |  4- 6 |  7- 9 | 10-12 | 13-15 | 16-18 || total
-------------------------+-------+-------+-------+-------+-------+-------++-------
Melee: Spear             |    47 |   232 |   257 |   122 |       |       ||   658
       Bite              |     1 |    25 |    52 |    80 |   315 |    52 ||   525
       Punch             |       |     2 |    13 |     5 |       |       ||    20
       Quarterstaff      |       |       |     3 |       |       |       ||     3
       Trident           |       |       |       |   490 |  1244 |    41 ||  1775
       Flail             |       |       |       |       |     6 |       ||     6
       Rapier            |       |       |       |       |   214 |   200 ||   414
Throw: Stone             |     3 |     3 |     2 |       |       |       ||     8
       Dart              |       |    11 |    52 |    52 |    17 |       ||   132
       Boomerang         |       |       |       |   130 |   163 |   160 ||   453
       Throwing net      |       |       |       |       |       |     5 ||     5
 Cast: Ensorcelled Hiber |       |       |     2 |       |       |       ||     2
       Tukima's Dance    |       |       |       |     9 |       |       ||     9
       Foxfire           |       |       |       |     2 |       |       ||     2
Invok: Draw Destruction  |       |       |       |     5 |    27 |    10 ||    42
       Draw Escape       |       |       |       |     1 |     2 |     2 ||     5
       Draw Summoning    |       |       |       |     1 |       |     3 ||     4
       Deal Four         |       |       |       |       |     2 |     5 ||     7
Evoke: Wand              |       |     5 |     9 |    38 |    15 |     8 ||    75
       Piece from Xom's  |       |       |       |     1 |     1 |       ||     2
       Lightning rod     |       |       |       |       |       |     4 ||     4
       Condenser vane    |       |       |       |       |       |     2 ||     2
  Use: Potion            |     1 |       |    10 |     1 |       |     1 ||    13
       Scroll            |       |     3 |     6 |     7 |     8 |     4 ||    28
 Stab: Sleeping          |       |    27 |     3 |    16 |    19 |     2 ||    67
       Distracted        |       |     2 |     1 |     2 |     5 |       ||    10
       Confused          |       |       |       |     6 |     4 |       ||    10
       Paralysed         |       |       |       |     2 |     9 |       ||    11
       Held in net/web   |       |       |       |       |       |     2 ||     2
       Petrifying        |       |       |       |       |       |     1 ||     1
Armor: Leather armour    |     2 |    23 |    37 |    14 |       |       ||    76
       Skin              |       |       |    15 |       |       |       ||    15
       Scale mail        |       |       |       |   144 |   328 |    66 ||   538
Dodge: Dodged            |    17 |    95 |   198 |   230 |   599 |   127 ||  1266
Block: Kite shield       |       |       |       |   297 |   846 |   156 ||  1299

Table legend: (Time is in decaauts)
 A = Elapsed time spent in this place.
 B = Non-inter-level travel time spent in this place.
 C = Inter-level travel time spent in this place.
 D = Time resting spent in this place.
 E = Time spent auto-exploring this place.
 F = Levels seen in this place.
 G = Mean time per level.
                   A        B        C        D        E       F      G
               +--------+--------+--------+--------+--------+-----+--------+
         Total |  27385 |  25509 |   1876 |   1948 |  17108 |  28 |  978.0 |
       Dungeon |  13241 |  12502 |    739 |   1155 |   8336 |  11 | 1203.7 |
        Temple |     93 |     68 |     25 |      0 |     42 |   1 |   93.0 |
          Lair |   8840 |   8106 |    734 |    576 |   5599 |   6 | 1473.3 |
         Swamp |   3240 |   2977 |    263 |    156 |   1917 |   4 |  810.0 |
     Snake Pit |    200 |    178 |     22 |      3 |    142 |   1 |  200.0 |
    Slime Pits |     26 |     26 |      0 |      0 |      0 |   2 |   13.0 |
  Orcish Mines |   1493 |   1403 |     90 |      0 |   1011 |   2 |  746.5 |
        Bailey |    250 |    250 |      0 |     58 |     61 |   1 |  250.0 |
               +--------+--------+--------+--------+--------+-----+--------+

Top non-repeatable levels by time:
  Lair:2: 2420 daAuts
     D:7: 2343 daAuts
  Lair:6: 1866 daAuts
     D:5: 1485 daAuts
     D:6: 1466 daAuts
  Lair:1: 1360 daAuts
     D:9: 1339 daAuts
  Lair:4: 1281 daAuts
 Swamp:4: 1149 daAuts
  Lair:3: 1144 daAuts
    D:11: 1134 daAuts
     D:4: 1130 daAuts
   Orc:2: 1105 daAuts
    D:10: 1076 daAuts
     D:2: 952 daAuts
